 Dungeon Crawl Stone Soup version 0.28.0-53-g5a82cb258f (webtiles) character file.

Game seed: 2827988527817214582

103 MiltankisOP the Chiller (level 4, -1/39 HPs)
             Began as an Ogre Ice Elementalist on June 17, 2022.
             Was an Initiate of Sif Muna.
             Blown up by a goblin (16 damage)
             ... with a mindburst bolt
             ... on level 3 of the Dungeon.
             The game lasted 00:04:24 (2383 turns).

MiltankisOP the Chiller (Ogre Ice Elementalist)     Turns: 2383, Time: 00:04:40

Health: -1/39      AC:  3    Str: 12    XL:     4   Next: 79%
Magic:  8/9        EV:  9    Int: 18    God:    Sif Muna [......]
Gold:   76         SH:  0    Dex:  9    Spells: 3/10 levels left

rFire   . . .      SeeInvis .   c - staff of cold
rCold   + . .      Faith    .   (no shield)
rNeg    . . .      Spirit   .   a - +0 robe
rPois   .          Reflect  .   (helmet restricted)
rElec   .          Harm     .   (no cloak)
rCorr   .          Rampage  .   (gloves unavailable)
Will    .....                   (boots unavailable)
Stlth   +.........              (no amulet)
HPRegen 0.13/turn               (no ring)
MPRegen 0.11/turn               (no ring)

@: no status effects
A: large, unfitting armour, tough skin 1
a: Renounce Religion


You were on level 3 of the Dungeon.
You worshipped Sif Muna.
Sif Muna was noncommittal.
You visited 1 branch of the dungeon, and saw 3 of its levels.

You collected 76 gold pieces.

Inventory:

Armour
 a - a +0 robe (worn)
 d - a +0 pair of gloves
Magical Staves
 c - a staff of cold (weapon)
Scrolls
 b - 2 scrolls of identify {unknown}
 g - a scroll of enchant armour {unknown}
Potions
 e - a potion of lignification {unknown}
 f - a potion of heal wounds {unknown}


   Skills:
 - Level 1.7 Dodging
 - Level 1.4 Stealth
 + Level 3.5 Spellcasting
 - Level 5.0 Ice Magic


You had 3 spell levels left.
You knew the following spells:

 Your Spells              Type           Power      Damage    Failure   Level
a - Freeze                Ice            100%       1d11      1%          1
b - Frozen Ramparts       Ice            62%        1d8       6%          3
c - Ozocubu's Armour      Ice            31%        N/A       6%          3

Your spell library contained the following spells:

 Spells                   Type           Power      Damage    Failure   Level
 Hailstorm                Conj/Ice       18%        3d6       50%         4


Dungeon Overview and Level Annotations

Branches:
Dungeon (3/15)

Altars:
Sif Muna


Innate Abilities, Weirdness & Mutations

You are too large for most types of armour.
You have tough skin. (AC +1)


Message History

HP restored.
b - 2 scrolls labelled ZUMASHRAEKH (gained 1)
A sourceless malevolence fills the Dungeon... and a teleportation trap spontaneously manifests!
You are yanked towards some nearby monsters!
Your surroundings suddenly seem different.
A ball python and 2 goblins come into view.
A goblin is wielding a +0 dagger and carrying a wand of mindburst (17).
Found a scroll labelled DEYPPO DEZEUST and 14 gold pieces.
Found a stone staircase leading down.
An endoplasm comes into view.
The goblin shouts! x2
The endoplasm quivers.
You hear a shout!
You hear an angry hiss.
You hear a shout!
An adder comes into view.
The goblin unwields a +0 dagger.
The goblin wields a +0 hunting sling.
The goblin shoots a stone.
The stone completely misses you.
You hear a shout!
You hear a shout! 3 orcs come into view.
The orc shouts! x3; The ball python hisses angrily.
An orc comes into view. It is wielding a +0 dagger.
The goblin hits you with a +0 dagger.
The goblin shoots a stone.
The stone barely misses you.
An orc wizard comes into view. It is wielding a +0 dagger.
The orc moves out of view.
The goblin zaps a wand.
Your mind is blasted!
The goblin shoots a stone.
The stone closely misses you.
The orc wizard shouts!
The goblin hits you with a +0 dagger.
The ball python bites you but does no damage.
Casting: Freeze (safe; 1% risk of failure)
Confirm with . or Enter, or press ? or * to list all spells.
Aiming: Freeze (safe; 1% risk of failure)
Press: ? - help, Shift-Dir - straight line, f - ball python
Aim: a ball python You feel a surge of power!
You freeze the ball python!
You kill the ball python!
Sif Muna accepts your kill.
The goblin zaps a wand.
Your mind is blasted!
You die...

#.# #.......#
#.......'
#.......'.
#.......#..
#.......#...
#######.#....
.......#########
#......†@o....#
#......g###o###
#......o.oo....
##....>..###.###
..........#
...?...S..#
..##.g.##.# #..J
.# ..... .#


You could see an orc wizard, an adder, 2 orcs, an endoplasm and 2 goblins.

Vanquished Creatures
  Natasha (D:2)
  2 adders (D:3)
  A dart slug (D:2)
  3 orcs (D:2)
  4 bats
  8 endoplasms
  3 goblins
  3 hobgoblins
  2 jackals (D:1)
  6 quokkas
  10 ball pythons
  5 frilled lizards
  2 kobolds (D:1)
  5 rats
55 creatures vanquished.

Notes
Turn   | Place    | Note
-------+----------+-------------------------------------------
     0 | D:1      | MiltankisOP the Ogre Ice Elementalist began the quest for
                  | the Orb.
     0 | D:1      | Reached XP level 1. HP: 16/16 MP: 3/3
   261 | D:1      | Reached skill level 4 in Ice Magic
   261 | D:1      | Reached XP level 2. HP: 21/24 MP: 1/5
   689 | D:1      | Found a faded altar of an unknown god.
   951 | D:1      | Reached XP level 3. HP: 28/31 MP: 4/6
  1058 | D:1      | Learned a level 3 spell: Frozen Ramparts
  1726 | D:2      | Found a shimmering blue altar of Sif Muna.
  1734 | D:2      | Became a worshipper of Sif Muna the Loreminder
  1784 | D:2      | Reached skill level 5 in Ice Magic
  1784 | D:2      | Reached XP level 4. HP: 37/39 MP: 5/7
  1788 | D:2      | Learned a level 3 spell: Ozocubu's Armour
  1952 | D:2      | Noticed Natasha
  1966 | D:2      | Killed Natasha
  2383 | D:3      | Blown up by a goblin

Illustrated notes

Levels and vault maps discovered:
D:1:      nicolae_arrival_washed_ashore, layout_basic,
          shapermc_ecumenical_altar_notcrosses, fountainhead
D:2:      layout_loops_ring, basic_altar, uniq_natasha
D:3:      layout_basic, mainiacjoe_overflow_six_doors_small,
          gammafunk_ghost_grave, serial_shops, nicolae_shop_hallway_plus,
          minmay_misc_feat_columns, kennysheep_generic_room_4

Skill      XL: |  1  2  3  4 |
---------------+-------------+-----
Ice Magic      | 4 5 |  5.0
Spellcasting   | 3 |  3.5
Dodging        | |  1.7
Stealth        | |  1.4

Action                   |  1- 3 |  4- 6 || total
-------------------------+-------+-------++-------
Melee: Unarmed           |     1 |       ||     1
       Staff             |     3 |     7 ||    10
 Cast: Freeze            |    67 |    12 ||    79
       Ozocubu's Armour  |       |     1 ||     1
Armor: Robe              |    15 |     6 ||    21
Dodge: Dodged            |    23 |     8 ||    31
